 Dungeon Crawl Stone Soup version 0.31-a0-1278-g11c5b68f87 (webtiles) character file.

Game seed: 5816690826863232107

233 MackTheKnife the Shooter (level 5, 0/47 HPs)
             Began as a Minotaur Hunter on Dec 17, 2023.
             Was an Initiate of Gozag.
             Slain by Sigmund
             ... wielding a +0 scythe
              (7 damage)
             ... on level 4 of the Dungeon.
             The game lasted 00:02:19 (1074 turns).

MackTheKnife the Shooter (Minotaur Hunter)          Turns: 1074, Time: 00:02:20

Health: 0/47       AC:  4    Str: 15    XL:     5   Next: 75%
Magic:  4/4        EV: 12    Int:  6    God:    Gozag
Gold:   118        SH:  0    Dex: 16    Spells: 4/4 levels left

rFire   . . .        a - +0 shortbow {bow}
rCold   . . .        (shield currently unavailable)
rNeg    . . .        c - +0 leather armour
rPois   .            (helmet restricted)
rElec   .            (no cloak)
rCorr   .            (no gloves)
SInv    .            r - +0 pair of boots
Will    +....        (no amulet)
Stlth   +            (no ring)
HPRegen 0.27/turn    (no ring)
MPRegen 0.09/turn

%: no passive effects
@: gold aura, enlightened
A: horns 2, retaliatory headbutt
a: Renounce Religion, Potion Petition, Call Merchant, Bribe Branch


You were on level 4 of the Dungeon.
You worshipped Gozag.
Gozag was aware of your devotion.
You visited 2 branches of the dungeon, and saw 5 of its levels.

You collected 207 gold pieces.
You paid 89 gold pieces to Gozag.


Innate Abilities, Weirdness & Mutations

You have a pair of horns on your head.
You reflexively headbutt those who attack you in melee.


   Skills:
 + Level 4.8 Fighting
 + Level 6.7 Ranged Weapons
 - Level 2.1 Dodging
 - Level 0.7 Stealth


You had 4 spell levels left.
You didn't know any spells.
Your spell library was empty.

Inventory:

Hand Weapons
 a - a +0 shortbow (weapon) {bow}
 o - a +1 short sword of venom {short}
   (You took it off a kobold on level 3 of the Dungeon)
Armour
 c - a +0 leather armour (worn)
 r - a +0 pair of boots (worn)
   (You found it on level 4 of the Dungeon)
Scrolls
 b - a scroll of butterflies
 e - a scroll of revelation {unknown}
 f - a scroll of identify {unknown}
 g - a scroll of noise {unknown}
 h - a scroll of silence {unknown}
 i - a scroll of teleportation {unknown}
 j - a scroll of poison {unknown}
 m - a scroll of enchant weapon {unknown}
 n - a scroll of torment {unknown}
Potions
 l - a potion of degeneration {unknown}

Dungeon Overview and Level Annotations

Branches:
Dungeon (4/15) Zot: 22929  Temple (1/1) D:4 Zot: 5969

Altars:
Ashenzari
Dithmenos
Fedhas
Gozag
Qazlal
Sif Muna
Trog
Wu Jian
Xom

Shops:
D:2 (

Annotations:
D:4 Sigmund
Temple 2 transporters

.... ....... ....... #........#
##.......# ##..#..#..#
##......... ..........
##..........
#.....#.#########...........
#.#..#..@.@................
####.......###$#.##...........
####..........##.###.##..........
.......P(P....@.## #####.........
###....>..##.##.## ##.......#
####..P.P..#.....# #.........
#............##.#.# ##.......#
#....##.###### ..## ##.....##
##...###.# ..# ##...##


You could see Sigmund.


Message History

😮 HP[+5]
You regained 5 hp, and now have 25/40 hp.
Unknown command. 😮 HP[+5]
You regained 5 hp, and now have 30/40 hp.
Unknown command.
You're too confused to move!
Edmund clears his throat. 😕 HP[+3]
You regained 3 hp, and now have 33/40 hp.
Edmund hits you with a +0 flail of holy wrath! 😮 HP[-6]
You take 6 damage, and now have 27/40 hp.
Unknown command.
Unknown command.
Sigmund barely misses you. Edmund closely misses you. 😕 HP[+5]
You regained 5 hp, and now have 32/40 hp.
Unknown command. 😕 HP[+3]
You regained 3 hp, and now have 35/40 hp.
Unknown command.
You bump into the rock wall.
You feel less invigorated.
You feel less confused.
Edmund hits you with a +0 flail of holy wrath!
Sigmund closely misses you. 😕 HP[-3]
You take 3 damage, and now have 32/40 hp.
Unknown command.
Unknown command.
Edmund attacks as he pursues you!
Edmund hits you with a +0 flail of holy wrath. 😮 HP[-2]
You take 2 damage, and now have 30/40 hp.
Unknown command. 😕 HP[+1] Fire: a) +0 shortbow {bow}
Press: ? - help, Shift-Dir - straight line, f/p - Edmund
Aim: Edmund, wielding a +0 flail of holy wrath and wearing a +0 leather armour (moderately wounded, 64% to hit)
You shoot an arrow. The arrow closely misses Edmund.
You are starting to lose your buoyancy.
Edmund closely misses you. You furiously retaliate!
You headbutt Edmund.
Fire: a) +0 shortbow {bow}
Press: ? - help, Shift-Dir - straight line, f/p - Edmund
Aim: Edmund, wielding a +0 flail of holy wrath and wearing a +0 leather armour (heavily wounded, 64% to hit)
You shoot an arrow. The arrow hits Edmund.
Edmund hits you with a +0 flail of holy wrath! 😮 HP[-7]
You take 7 damage, and now have 24/40 hp.
Fire: a) +0 shortbow {bow}
Press: ? - help, Shift-Dir - straight line, f/p - Edmund
Aim: Edmund, wielding a +0 flail of holy wrath and wearing a +0 leather armour (severely wounded, 64% to hit)
You shoot an arrow. The arrow closely misses Edmund.
Sigmund whispers, "You'll know eternity soon."
Sigmund barely misses you. Edmund closely misses you.
Fire: a) +0 shortbow {bow}
Press: ? - help, Shift-Dir - straight line, f/p - Edmund
Aim: Edmund, wielding a +0 flail of holy wrath and wearing a +0 leather armour (severely wounded, 64% to hit)
You shoot an arrow. The arrow hits Edmund!
Edmund hits you with a +0 flail of holy wrath.
* * * LOW HITPOINT WARNING * * *
Sigmund hits you from afar with a +0 scythe.
* * * LOW HITPOINT WARNING * * *
Edmund closely misses you. 😨 HP[-6]
You take 6 damage, and now have 18/40 hp.
Fire: a) +0 shortbow {bow}
Press: ? - help, Shift-Dir - straight line, f/p - Edmund
Aim: Edmund, wielding a +0 flail of holy wrath and wearing a +0 leather armour (almost dead, 64% to hit)
You shoot an arrow. The arrow barely misses Edmund.
Sigmund misses you. Edmund closely misses you.
Fire: a) +0 shortbow {bow}
Press: ? - help, Shift-Dir - straight line, f/p - Edmund
Aim: Edmund, wielding a +0 flail of holy wrath and wearing a +0 leather armour (almost dead, 64% to hit)
You shoot an arrow. The arrow hits Edmund.
Edmund hits you with a +0 flail of holy wrath!
* * * LOW HITPOINT WARNING * * *
😱 HP[-13]
You take 13 damage, and now have 5/40 hp.
MASSIVE DAMAGE!! (PAUSE) Fire: a) +0 shortbow {bow}
Press: ? - help, Shift-Dir - straight line, f/p - Edmund
Aim: Edmund, wielding a +0 flail of holy wrath and wearing a +0 leather armour (almost dead, 64% to hit)
You shoot an arrow. The arrow hits Edmund!
You kill Edmund!
Sigmund hits you but does no damage.
Your Fighting skill increases to level 4!
You have reached level 5! 😱 HP[+2] MP[+1]
You now have 47 max hp (+7).
You regained 2 hp, and now have 7/47 hp.
Your mp is fully restored (4).
Fire: a) +0 shortbow {bow}
Press: ? - help, Shift-Dir - straight line, f - Sigmund
Aim: Sigmund, wielding a +0 scythe and wearing a +0 robe (lightly wounded, 62% to hit)
You shoot an arrow. The arrow hits Sigmund!
You float gracefully downwards.
Sigmund hits you from afar with a +0 scythe!
You die...
Sigmund begins carving another notch in his scythe.
Your body crumbles into a pile of gold.

Skill      XL: |  1  2  3  4 |
---------------+-------------+-----
Ranged Weapons | 5 6 |  6.7
Fighting       | 3 4 |  4.8
Dodging        | |  2.1
Stealth        | |  0.7

Action                     |  1- 3 |  4- 6 || total
---------------------------+-------+-------++-------
   Fire: Shortbow          |   125 |    50 ||   175
    Use: Potion            |       |     4 ||     4
 Armour: Leather armour    |    21 |    19 ||    40
  Dodge: Dodged            |    28 |    24 ||    52

Levels and vault maps discovered:
D:1:      dpeg_arrival_water_temple_mockup, layout_rooms
D:2:      layout_basic, basic_altar, serial_shops, shop,
          nicolae_shop_tiny_waterfront, shop
D:3:      minmay_chambers_of_twos, layout_basic, lemuel_coloured_pillars_altar,
          basic_ecumenical_altar
D:4:      layout_loops_cross, minmay_temple_entry_trees,
          nicolae_figureground_pulse, uniq_sigmund, uniq_edmund,
          uniq_blork_the_orc
Temple:   hellmonk_temple_divided_pantheon

Notes
Turn   | Place    | Note
-------+----------+-------------------------------------------
     0 | D:1      | MackTheKnife the Minotaur Hunter began the quest for the
                  | Orb.
     0 | D:1      | Reached XP level 1. HP: 18/18 MP: 0/0
     0 | D:1      | magus.rc [v1.9.6]
   133 | D:1      | Reached XP level 2. HP: 18/25 MP: 1/1
   148 | D:1      | Reached skill level 5 in Ranged Weapons
   310 | D:2      | Reached XP level 3. HP: 28/30 MP: 2/2
   329 | D:2      | Found a broken altar of Ashenzari.
   359 | D:2      | Found Viytih's Weapon Emporium.
   438 | D:2      | You fall into a shaft and drop 1 floor!
   545 | D:3      | Reached skill level 3 in Fighting
   593 | D:3      | Found a faded altar of an unknown god.
   641 | D:3      | Reached XP level 4. HP: 38/38 MP: 3/3
   754 | D:3      | Reached skill level 6 in Ranged Weapons
   981 | D:4      | Found a staircase to the Ecumenical Temple.
   990 | Temple   | Found a transporter.
   990 | Temple   | Found a transporter.
   990 | Temple   | Found a transporter.
   990 | Temple   | Found a transporter.
   990 | Temple   | Entered the Ecumenical Temple
  1007 | Temple   | Became a worshipper of Gozag Ym Sagoz the Greedy
  1034 | D:4      | Noticed Edmund
  1036 | D:4      | Noticed Sigmund
  1072 | D:4      | HP: 5/40 [Edmund/+0 flail of holy wrath (13)]
  1073 | D:4      | Killed Edmund
  1074 | D:4      | Reached skill level 4 in Fighting
  1074 | D:4      | Reached XP level 5. HP: 7/47 MP: 4/4
  1074 | D:4      | Slain by Sigmund

Vanquished Creatures
  Edmund (D:4)
  An iguana (D:4)
  4 adders
  A worm (D:3)
  A dart slug (D:3)
  2 orcs (D:3)
  7 bats
  5 endoplasms
  5 giant cockroaches
  2 goblins
  4 hobgoblins
  A quokka (D:1)
  8 ball pythons
  4 frilled lizards
  4 kobolds
  6 rats
56 creatures vanquished.

Table legend:
 A = Non-vault XP
 B = Vault XP
 C = Vault XP percentage of total XP
 D = Non-vault monster count
 E = Vault monster count
 F = Vault count percentage of total count
                 A         B        C        D         E       F
            +---------+---------+-------+---------+---------+-------
      Total |     139 |     195 |  58.4 |      47 |       9 |  16.1
            +---------+---------+-------+---------+---------+-------
        D:1 |      19 |       0 |   0.0 |      12 |       0 |   0.0
        D:2 |      46 |       0 |   0.0 |      17 |       0 |   0.0
        D:3 |      32 |      33 |  50.8 |      14 |       8 |  36.4
        D:4 |      42 |     162 |  79.4 |       4 |       1 |  20.0
            +---------+---------+-------+---------+---------+-------

Skill      XL: |  1  2  3  4 |
---------------+-------------+-----
Ranged Weapons | 5 6 |  6.7
Fighting       | 3 4 |  4.8
Dodging        | |  2.1
Stealth        | |  0.7

Action                     |  1- 3 |  4- 6 || total
---------------------------+-------+-------++-------
   Fire: Shortbow          |   125 |    50 ||   175
    Use: Potion            |       |     4 ||     4
 Armour: Leather armour    |    21 |    19 ||    40
  Dodge: Dodged            |    28 |    24 ||    52

Illustrated notes

Table legend:
 A = Kills in this place as a percentage of kills in the entire game.
 B = Kills by you in this place as a percentage of kills by you in the entire game.
 C = Kills by friends in this place as a percentage of kills by friends in the entire game.
 D = Other kills in this place as a percentage of other kills in the entire game.
 E = Experience gained in this place as a percentage of experience gained in the entire game.
 F = Experience gained in this place divided by the number of levels of this place that you have seen.
                   A       B       C       D       E      F
               +-------+-------+-------+-------+-------+----------------------
         Total | 100.0 | 100.0 |   N/A |   N/A | 100.0 |  66.8
       Dungeon | 100.0 | 100.0 |   N/A |   N/A | 100.0 |  83.5
               +-------+-------+-------+-------+-------+----------------------

Table legend: (Time is in decaauts)
 A = Elapsed time spent in this place.
 B = Non-inter-level travel time spent in this place.
 C = Inter-level travel time spent in this place.
 D = Time resting spent in this place.
 E = Time spent auto-exploring this place.
 F = Levels seen in this place.
 G = Mean time per level.
                   A        B        C        D        E       F      G
               +--------+--------+--------+--------+--------+-----+--------+
         Total |   1100 |   1055 |     45 |      0 |    673 |   5 |  220.0 |
       Dungeon |   1069 |   1024 |     45 |      0 |    673 |   4 |  267.2 |
        Temple |     30 |     30 |      0 |      0 |      0 |   1 |   30.0 |
               +--------+--------+--------+--------+--------+-----+--------+

Top non-repeatable levels by time:
     D:3: 489 daAuts
     D:2: 260 daAuts
     D:1: 192 daAuts
     D:4: 127 daAuts
  Temple: 30 daAuts
